 Dungeon Crawl Stone Soup version 0.22.1-1-ga44c0e56f4 (webtiles) character file.

365 Kniotic the Ruffian (level 6, -5/46 HPs)
             Began as a Demigod Transmuter on Oct 27, 2018.
             Killed by divine providence
             ... invoked by an orc priest
              (14 damage)
             ... on level 4 of the Dungeon.
             The game lasted 00:08:51 (6080 turns).

Kniotic the Ruffian (Demigod Transmuter)            Turns: 6080, Time: 00:08:52

Health: -5/46      AC:  3    Str: 17    XL:     6   Next: 16%
Magic:  11/14      EV: 12    Int: 17    God:
Gold:   170        SH:  0    Dex: 16    Spells: 9/12 levels left

rFire    . . .     SeeInvis .     - Unarmed
rCold    . . .     Gourm    .   (no shield)
rNeg     . . .     Faith    .   b - +1 robe
rPois    .         Spirit   .   (no helmet)
rElec    .         Reflect  .   (no cloak)
rCorr    .         Harm     .   (no gloves)
MR       .....                  (boots currently unavailable)
Stlth    +.........             (no amulet)
HPRegen  0.15/turn              (no ring)
MPRegen  0.14/turn              (no ring)

@: appendage (expiring)
A: talons 3, high mp 1
a: End Transformation


You were on level 4 of the Dungeon.
You were not hungry.
You had grown temporary talons.
You visited 1 branch of the dungeon, and saw 5 of its levels.

You collected 170 gold pieces.

Inventory:

Hand Weapons
 e - the +9 hand axe "Ygugiud" {flame, rPois Str+2, unknown}
   (You found it on level 5 of the Dungeon)

   It has been specially enchanted to burn those struck by it, causing extra
   injury to most foes and up to half again as much damage against particularly
   susceptible opponents.
   Big, fiery blades are also staple armaments of hydra-hunters.
   It affects your strength (+2).
   It protects you from poison.
 g - the +9 trident "Killer Klown's Doom" {drain, rElec SInv, unknown}
   (You found it on level 5 of the Dungeon)

   A truly terrible weapon, it drains the life of those it strikes.
   It insulates you from electricity.
   It lets you see invisible.
Missiles
 a - 19 arrows
 i - a throwing net (quivered)
Armour
 b - a +1 robe (worn)
Magical Staves
 r - an uncursed staff of air {unknown}
Jewellery
 j - an uncursed ring of stealth {unknown}
 n - a cursed -3 ring of protection {unknown}
Scrolls
 f - a scroll of enchant armour
 l - a scroll of immolation {unknown}
 m - 3 scrolls of remove curse
 o - a scroll of random uselessness {unknown}
 s - 2 scrolls of enchant weapon {unknown}
Potions
 c - a potion of agility {unknown}
 h - a potion of haste {unknown}
 k - a potion of curing {unknown}
 p - a potion of degeneration {unknown}
 q - a potion of cancellation {unknown}
Comestibles
 d - 4 rations
 t - 3 chunks of flesh


   Skills:
 - Level 0.8 Fighting
 - Level 1.7 Dodging
 * Level 5.6 Unarmed Combat
 + Level 3.5 Spellcasting
 - Level 1.7 Transmutations


You had 9 spell levels left.
You knew the following spells:

 Your Spells              Type           Power        Failure   Level  Hunger
a - Beastly Appendage     Tmut           #.....       9%          1    None
b - Sticks to Snakes      Tmut           #.......     12%         2    ##.....

Your spell library contained the following spells:

 Spells                   Type           Power        Failure   Level  Hunger
 Spider Form              Tmut/Pois      #.........   34%         3    ###....
 Ice Form                 Ice/Tmut       #.......     75%         4    ####...
 Blade Hands              Tmut           #.........   92%         5    ######.


Dungeon Overview and Level Annotations

Branches:
Dungeon (5/15)             Temple (0/1) D:4

Annotations:
D:3 exclusion: 2 doors
D:4 exclusion: ogre
D:5 Grinder, Pikel


Innate Abilities, Weirdness & Mutations

You have an increased reservoir of magic. (+10% MP)
You have claws for feet.


Message History

You completely miss the orc priest. Your kick misses the orc priest.
The orc priest is severely wounded.
The orc priest invokes the aid of Beogh against you.
Pain shoots through your body!
Your adder barely misses the orc priest.
The orc priest calls down the wrath of Beogh upon you.
You struggle to resist.
You hit the orc priest but do no damage.
Your kick misses the orc priest.
The orc priest is severely wounded.
The orc priest casts a cantrip, but nothing happens.
Your adder barely misses the orc priest.
You barely miss the orc priest. Your kick misses the orc priest.
The orc priest is severely wounded.
The orc priest hits you with a morningstar!
* * * LOW HITPOINT WARNING * * *
Your adder bites the orc priest.
The orc priest invokes the aid of Beogh against you.
Beogh smites you!
You die...

# #...##.......#.#.#####........
# #...##.......#.#....So..#####.
# #...##......>..#.#####........
####...##......>..#S#...#..#.....
............#####.#.#.#.#..#.##..
####...###### #..#.#o#.#......#.
#........####'.#..o#.#......#.
#............oo#####.#......##
#............@S.[....#......#.
#..............#####.#......#.
#..............#...#.#..#.....
#..............#.#.#.#..#.....
#........####+.#.#.#.#..#.....
#........+.....#.#...#..##....
#........#.....#.#####...'....
#######'###.....#.......###....
#.....#.#.......#.#####........


You could see 2 orc priests and a friendly adder.

Vanquished Creatures
  A scorpion (D:4)
  An orc priest (D:4)
  2 hounds (D:4)
  An orc wizard (D:3)
  2 worker ants (D:4)
  A hound zombie (D:5)
  2 adders
  3 oozes (D:1)
  A worm (D:3)
  4 dart slugs
  2 leopard geckos
  5 orcs
  3 giant cockroaches (D:1)
  7 goblins
  11 hobgoblins
  6 jackals
  6 kobolds
  4 quokkas
  5 bats
  7 frilled lizards
  9 rats
83 creatures vanquished.

Vanquished Creatures (collateral kills)
  An adder (D:2)
1 creature vanquished.

Vanquished Creatures (others)
  An orc wizard (D:4)
1 creature vanquished.

Grand Total: 85 creatures vanquished

Notes
Turn   | Place    | Note
-------+----------+-------------------------------------------
     0 | D:1      | Kniotic the Demigod Transmuter began the quest for the Orb.
     0 | D:1      | Reached XP level 1. HP: 15/15 MP: 5/5
    23 | D:1      | Reached skill level 3 in Unarmed Combat
   316 | D:1      | Reached XP level 2. HP: 15/22 MP: 5/7
   680 | D:1      | Learned a level 2 spell: Sticks to Snakes
   849 | D:1      | Reached XP level 3. HP: 26/27 MP: 9/9
  1716 | D:2      | Reached skill level 4 in Unarmed Combat
  1880 | D:2      | Found a faded altar of an unknown god.
  2147 | D:2      | Found a blossoming altar of Fedhas.
  2217 | D:2      | Reached XP level 4. HP: 31/34 MP: 8/10
  2915 | D:3      | Noticed an ice beast
  3138 | D:3      | Found a glowing silver altar of Zin.
  3216 | D:3      | Noticed a dagger
  3223 | D:3      | Noticed a hand axe
  3234 | D:3      | Found a hide-covered altar of Uskayaw.
  3688 | D:4      | Reached XP level 5. HP: 31/39 MP: 10/12
  3700 | D:4      | Noticed an ogre
  3792 | D:4      | Found a sacrificial altar of Ru.
  3875 | D:5      | Entered Level 5 of the Dungeon
  3875 | D:5      | Noticed an ogre
  4134 | D:5      | Got a pitted hand axe
  4152 | D:5      | Noticed Pikel
  4152 | D:5      | Noticed a slave
  4153 | D:5      | Noticed a slave
  4153 | D:5      | Noticed a slave
  4154 | D:5      | Noticed a slave
  4160 | D:5      | Got a scorched trident
  4216 | D:5      | Noticed a sky beast
  4231 | D:5      | Noticed Grinder
  4263 | D:5      | HP: 1/39 [gnoll (6)]
  4611 | D:4      | Found a staircase to the Ecumenical Temple.
  4695 | D:4      | Reached skill level 5 in Unarmed Combat
  4741 | D:4      | HP: 1/39 [poisoned by a scorpion]
  5933 | D:4      | Reached XP level 6. HP: 39/46 MP: 12/14
  6080 | D:4      | Killed from afar by an orc priest

Skill      XL: |  1  2  3  4  5 |
---------------+----------------+-----
Unarmed Combat | 3 4 5 |  5.6
Spellcasting   | 2 3 |  3.5
Fighting       | |  0.8
Dodging        | |  1.7
Transmutations | |  1.7

Action                   |  1- 3 |  4- 6 || total
-------------------------+-------+-------++-------
Melee: Unarmed           |   165 |   159 ||   324
       Headbutt          |     5 |     6 ||    11
       Kick              |     4 |    16 ||    20
       Punch             |     4 |     4 ||     8
 Cast: Beastly Appendage |    10 |     9 ||    19
       Sticks to Snakes  |     1 |    14 ||    15
  Use: Scroll            |       |     4 ||     4
 Stab: Sleeping          |       |     2 ||     2
  Eat: Chunk             |     4 |     7 ||    11
       Ration            |       |     2 ||     2
Armor: Robe              |    23 |    24 ||    47
Dodge: Dodged            |   100 |    86 ||   186
